 Dungeon Crawl Stone Soup version 0.18-b1-16-g289874d (webtiles) character file.

319 otab the Slasher (level 6, 0/42 HPs)
             Began as a High Elf Gladiator on May 1, 2016.
             Was an Initiate of Nemelex Xobeh.
             Slain by an orc wizard
             ... wielding a +0 falchion
              (5 damage)
             ... on level 4 of the Dungeon.
             The game lasted 00:04:56 (3706 turns).

otab the Slasher (High Elf Gladiator)               Turns: 3706, Time: 00:04:57

Health: 0/42       AC:  4    Str: 16    XL:     6   Next: 21%
Magic:  7/7        EV: 14    Int: 12    God:    Nemelex Xobeh [......]
Gold:   134        SH:  0    Dex: 16    Spells: 0 memorised, 5 levels left

rFire  . . .     SeeInvis .     a - +0 long sword
rCold  + . .     Gourm    .     b - +0 leather armour
rNeg   . . .     Faith    .     (no shield)
rPois  .         Spirit   .     c - +0 helmet
rElec  .         Dismiss  .     (no cloak)
rCorr  .         Reflect  .     (no gloves)
SustAt .         Harm     .     (no boots)
MR     .....                    (no amulet)
Stlth  +.........               (no ring)
                                m - ring of protection from cold

@: not resistant to hostile enchantments, very unstealthy
A: no striking features
a: Renounce Religion


You were on level 4 of the Dungeon.
You worshipped Nemelex Xobeh.
Nemelex Xobeh was noncommittal.
You were hungry.

You visited 1 branch of the dungeon, and saw 4 of its levels.

You collected 134 gold pieces.

Inventory:

Hand Weapons
 a - a +0 long sword (weapon)
Missiles
 d - 3 throwing nets (quivered)
Armour
 b - a +0 leather armour (worn)
 c - a +0 helmet (worn)
 t - a +0 plate armour
Jewellery
 m - a ring of protection from cold (left hand)
Scrolls
 e - a scroll of recharging {unknown}
 g - 3 scrolls of identify {unknown}
 i - 2 scrolls of blinking {unknown}
 l - a scroll of remove curse {unknown}
 n - a scroll of teleportation {unknown}
 p - a scroll of magic mapping {unknown}
 q - a scroll of amnesia {unknown}
Potions
 j - 2 potions of curing {unknown}
 o - a potion of resistance {unknown}
 r - 2 potions of agility {unknown}
Miscellaneous
 u - a plain deck of destruction {drawn: 2}
Comestibles
 f - a bread ration
 h - 3 meat rations


   Skills:
 + Level 3.1 Fighting
 * Level 6.4 Long Blades
 - Level 2.0 Throwing
 + Level 1.5 Armour
 + Level 4.5 Dodging
 * Level 1.1 Evocations


You had 5 spell levels left.
You didn't know any spells.

Dungeon Overview and Level Annotations

Branches:
Dungeon (4/15)
 Temple: D:4-7

Altars:
Nemelex Xobeh


Message History

You are too injured to fight recklessly!
Unknown command.
You are too injured to fight recklessly!
Unknown command.
You are too injured to fight recklessly!
Unknown command.
You are too injured to fight recklessly!
You are too injured to fight recklessly!
Drink which item? (? for menu, Esc to quit)
Okay, then.
You barely miss the orc. The orc hits you with a hand axe.
* * * LOW HITPOINT WARNING * * *
The orc misses you.
Unknown command.
You hit the orc.
The orc is almost dead.
The orc misses you. x2
The orc wizard hits you with a falchion.
You die...
Your body disappears without a glow.

....##.#. #....
)....#.#......#.####....
..<....#......#....#....
.......#......#....#....
.......#......#.........
.......#......##...#....
#....#......##...#..(.
#...o#......##...#....
#...o@......(....###..
..'...o................)
..##............######..
..................†.<.)
........##'####(........
........##.##.........†.
........##..+....####...
.###....#####....# #.##
#### ......# #.#


You could see an orc wizard and 2 orcs.

Vanquished Creatures
  A scorpion (D:4)
  A hound (D:4)
  An orc wizard (D:3)
  3 gnolls
  6 adders
  An ooze (D:1)
  3 worms
  2 dart slugs
  2 giant geckos (D:2)
  6 orcs
  2 ball pythons (D:2)
  3 giant cockroaches (D:2)
  9 goblins
  11 hobgoblins
  7 jackals (D:1)
  3 quokkas
  10 bats
  3 giant newts
  13 kobolds
  7 rats
94 creatures vanquished.

Vanquished Creatures (collateral kills)
  A hound (D:4)
1 creature vanquished.

Grand Total: 95 creatures vanquished

Notes
Turn   | Place    | Note
--------------------------------------------------------------
     0 | D:1      | otab the High Elf Gladiator began the quest for the Orb.
     0 | D:1      | Reached XP level 1. HP: 14/14 MP: 2/2
   100 | D:1      | Reached skill level 4 in Long Blades
   105 | D:1      | Reached XP level 2. HP: 10/19 MP: 3/3
   549 | D:1      | Reached XP level 3. HP: 24/24 MP: 4/4
  1078 | D:2      | Reached skill level 5 in Long Blades
  1391 | D:2      | Reached XP level 4. HP: 20/29 MP: 5/5
  2568 | D:3      | Reached XP level 5. HP: 9/35 MP: 6/6
  3055 | D:3      | Reached skill level 1 in Armour
  3091 | D:3      | Found a sparkling altar of Nemelex Xobeh.
  3159 | D:3      | Became a worshipper of Nemelex Xobeh the Trickster
  3273 | D:3      | Received a gift from Nemelex Xobeh
  3366 | D:3      | Reached skill level 6 in Long Blades
  3458 | D:4      | Reached skill level 1 in Evocations
  3458 | D:4      | Reached XP level 6. HP: 31/41 MP: 7/7
  3706 | D:4      | Slain by an orc wizard

Skill      XL: |  1  2  3  4  5  6 |
---------------+-------------------+-----
Long Blades    | 4 5 6 |  6.4
Dodging        | 4 |  4.5
Armour         | 1 |  1.5
Evocations     | 1 |  1.1
Fighting       | 3 |  3.1
Throwing       | |  2.0

Action                   |  1- 3 |  4- 6 || total
-------------------------+-------+-------++-------
Melee: Long sword        |   137 |   178 ||   315
Evoke: Deck              |       |     2 ||     2
 Stab: Sleeping          |     4 |     2 ||     6
  Eat: Chunk             |     2 |     5 ||     7
       Pizza             |       |     1 ||     1
Armor: Leather armour    |    21 |    36 ||    57
Dodge: Dodged            |    88 |   153 ||   241
